 Dungeon Crawl Stone Soup version 0.29.1-1-gd02db6906a (webtiles) character file.

Game seed: 16231010376179922874

150 NullDivider the Sneak (level 5, -1/31 HPs)
             Began as an Octopode Hedge Wizard on Sept 22, 2022.
             Slain by Pargi (3 damage)
             ... in a sewer.
             The game lasted 00:09:45 (3119 turns).

NullDivider the Sneak (Octopode Hedge Wizard)       Turns: 3119, Time: 00:09:46

Health: -1/31      AC:  1    Str:  9    XL:     5   Next: 32%
Magic:  5/10       EV: 13    Int: 16    God:
Gold:   168        SH:  0    Dex: 14    Spells: 6/11 levels left

rFire   . . .      SeeInvis .   k - +1 dagger (vamp)
rCold   . . .      Faith    .   (no shield)
rNeg    . . .      Spirit   .   b - +0 hat
rPois   .          Reflect  .   (no amulet)
rElec   .          Harm     .   (no ring)
rCorr   .          Rampage  .   (no ring)
Will    .....                   (no ring)
Stlth   ++++......              (no ring)
HPRegen 0.10/turn               (no ring)
MPRegen 0.12/turn               (no ring)
                                (no ring)
                                (no ring)

@: no status effects
A: almost no armour, amphibious, 8 rings, camouflage 1, gelatinous body 1,
(nimble swimmer 1), tentacles
a: no special abilities


You were in a sewer.
You visited 1 branch of the dungeon, and saw 3 of its levels.
You also visited: Sewer.

You collected 168 gold pieces.

Inventory:

Hand Weapons
 k - a +1 vampiric dagger (weapon)
 q - a +0 short sword of protection
Armour
 b - a +0 hat (worn)
Scrolls
 a - a scroll of vulnerability {unknown}
 d - 2 scrolls of identify {unknown}
 g - 2 scrolls of enchant weapon {unknown}
 j - 2 scrolls of poison {unknown}
 l - a scroll of amnesia {unknown}
 o - a scroll of magic mapping {unknown}
 p - a scroll of enchant armour {unknown}
Potions
 c - a potion of magic
 e - a potion of degeneration {unknown}
 f - a potion of haste {unknown}
 h - 2 potions of flight {unknown}
 i - a potion of berserk rage {unknown}
 m - 3 potions of might {unknown}
 n - a potion of curing {unknown}


   Skills:
 * Level 1.7 Short Blades
 + Level 2.4 Dodging
 * Level 4.2 Stealth
 * Level 3.6 Spellcasting
 + Level 1.7 Conjurations
 + Level 1.7 Summonings
 + Level 1.7 Translocations


You had 6 spell levels left.
You knew the following spells:

 Your Spells              Type           Power      Damage    Failure   Level
a - Magic Dart            Conj           32%        1d4       9%          1
b - Call Imp              Summ           8%         N/A       13%         2
c - Blink                 Tloc           16%        N/A       13%         2

Your spell library contained the following spells:

 Spells                   Type           Power      Damage    Failure   Level
 Slow                     Hex            8%         N/A       19%         1
 Gell's Gravitas          Tloc           8%         N/A       26%         3
 Lesser Beckoning         Tloc           8%         N/A       26%         3
 Teleport Other           Tloc           8%         N/A       26%         3
 Conjure Flame            Conj/Fire      5%         6-21      36%         3
 Mephitic Cloud           Conj/Pois/Air  4%         N/A       38%         3


Dungeon Overview and Level Annotations

Branches:
Dungeon (3/15)              Sewer (1/1)

Altars:
Zin

Annotations:
Sewer Pargi


Innate Abilities, Weirdness & Mutations

You cannot wear most types of armour.
You are amphibious.
You can wear up to eight rings at the same time.
Your skin changes colour to match your surroundings (Stealth+).
Your rubbery body absorbs attacks. (AC +1, EV +1)
((You are camouflaged when in or above water. (Stealth+)))
You have tentacles for arms and can constrict up to eight enemies at once.


Message History

Pargi barely misses your shadow imp.
Your shadow imp barely misses Pargi.
Pargi bites your shadow imp but does no damage.
Pargi claws your shadow imp but does no damage.
Pargi claws your shadow imp.
Your shadow imp splashes around in the water.
Pargi closely misses your shadow imp. Pargi misses your shadow imp. x2
Your shadow imp gestures at Pargi.
Pargi writhes in agony!
Pargi bites your shadow imp.
Your shadow imp dies!
Your shadow imp disappears in a puff of smoke!
Casting: Call Imp (safe; 13% risk of failure)
Confirm with . or Enter, or press ? or * to list all spells.
A beastly little devil appears in a puff of frigid air.
You hit Pargi.
You feel better.
Pargi is severely wounded.
Pargi barely misses you. Pargi claws you but does no damage.
Pargi barely misses you. Pargi attacks as you move away!
Pargi closely misses you. x2
Pargi barely misses you.
Your white imp barely misses Pargi.
Pargi attacks as you move away! Pargi misses you. Pargi barely misses you.
Pargi claws you but does no damage.
Your white imp gestures at Pargi.
The puff of frost hits Pargi!
Your white imp hits Pargi but does no damage.
Pargi barely misses your white imp.
Pargi claws your white imp but does no damage.
Pargi barely misses your white imp.
Your white imp barely misses Pargi.
Pargi barely misses your white imp. x2
Pargi closely misses your white imp.
Your white imp misses Pargi.
Pargi looks around nervously.
Pargi barely misses your white imp. Pargi claws your white imp. x2
You hit Pargi.
Pargi is severely wounded.
Your white imp misses Pargi.
Pargi barely misses you. Pargi claws you but does no damage. Pargi claws you.
* * * LOW HITPOINT WARNING * * *
Pargi attacks as you move away! Pargi barely misses you. Pargi claws you.
You die...

#≈≈≈≈≈≈≈.## ??! # #≈≈≈≈≈≈≈~.#
!∩! ## ##≈≈≈≈≈≈≈.### ?.? #.
#≈≈≈≈≈≈≈≈≈~.# #~# #.
##≈≈≈≈≈≈≈≈~.# #~# ##~
#≈≈≈≈†≈≈≈≈~### #~# #~≈
##≈≈≈≈≈≈≈≈≈~.# #.# ##~≈
##≈≈≈≈≈≈≈≈≈≈.## #~# ##~≈≈
#≈≈≈≈≈≈≈≈≈≈≈@### #.# #..≈≈
##≈#≈≈≈≈≈≈≈≈≈T.#####.####~≈≈≈
####≈≈≈≈≈≈≈5≈≈~.#~T≈.~~.≈≈≈≈
##≈≈≈≈≈≈≈≈≈≈~.≈≈≈≈≈≈≈≈≈≈≈
#≈≈≈≈≈≈≈≈≈≈≈≈≈≈≈≈≈≈≈≈≈≈≈
#≈≈≈≈≈≈†≈≈≈≈≈≈≈≈≈≈≈≈≈≈≈≈
##≈≈≈≈≈≈≈≈≈≈≈≈≈≈≈≈≈≈≈≈≈≈
###≈≈≈≈≈≈≈≈≈≈†≈≈≈≈≈≈≈≈≈
#≈≈≈≈≈≈≈≈≈≈≈≈≈≈≈≈≈≈≈#


You could see Pargi (ally target) and a friendly white imp (summoned).

Vanquished Creatures
  6 adders
  A gnoll (D:1)
  2 river rats (D:3)
  3 worms (D:3)
  2 dart slugs (D:2)
  An orc (D:3)
  4 bats
  3 endoplasms
  A giant cockroach (D:2)
  3 goblins
  A hobgoblin (D:1)
  7 kobolds
  3 quokkas
  10 ball pythons
  5 frilled lizards
  8 rats
60 creatures vanquished.

Notes
Turn   | Place    | Note
-------+----------+-------------------------------------------
     0 | D:1      | NullDivider the Octopode Hedge Wizard began the quest for
                  | the Orb.
     0 | D:1      | Reached XP level 1. HP: 11/11 MP: 4/4
    39 | D:1      | Found a faded altar of an unknown god.
   106 | D:2      | Reached XP level 2. HP: 9/17 MP: 1/6
   259 | D:2      | Learned a level 2 spell: Call Imp
   262 | D:2      | Learned a level 2 spell: Blink
   268 | D:2      | Reached skill level 3 in Stealth
   770 | D:1      | Reached XP level 3. HP: 7/21 MP: 0/7
  1025 | D:1      | Reached skill level 1 in Short Blades
  1970 | D:2      | Reached XP level 4. HP: 26/27 MP: 6/8
  2111 | D:2      | Found a glowing silver altar of Zin.
  2651 | D:3      | Reached skill level 4 in Stealth
  2685 | D:3      | Reached XP level 5. HP: 17/31 MP: 8/10
  2835 | D:3      | Found a glowing drain.
  2840 | Sewer    | Entered a sewer
  3085 | Sewer    | Noticed Pargi
  3095 | Sewer    | HP: 1/31 [Pargi (4)]
  3119 | Sewer    | Slain by Pargi

Illustrated notes

Levels and vault maps discovered:
D:1:      lemuel_arrival_broad_hall, layout_basic,
          dreamdust_ecumenical_altar_angels_and_demons
D:2:      layout_loops_cross, basic_altar
D:3:      layout_basic, minitemple, lightli_sewer_entry_pipes
Sewer:    sewer_co_pargi_island

Skill      XL: |  1  2  3  4 |
---------------+-------------+-----
Stealth        | 3 4 |  4.2
Short Blades   | 1 |  1.7
Dodging        | |  2.4
Spellcasting   | |  3.6
Conjurations   | |  1.7
Summonings     | |  1.7
Translocations | |  1.7

Action                   |  1- 3 |  4- 6 || total
-------------------------+-------+-------++-------
Melee: Dagger            |    69 |    67 ||   136
       Constrict         |    16 |    10 ||    26
       Tentacles         |    13 |    11 ||    24
       Punch             |     1 |       ||     1
 Cast: Magic Dart        |    13 |    18 ||    31
       Call Imp          |       |     3 ||     3
       Blink             |       |     1 ||     1
 Stab: Sleeping          |    12 |     8 ||    20
Armor: Skin              |     6 |     7 ||    13
Dodge: Dodged            |    46 |    31 ||    77
